 Dungeon Crawl Stone Soup version 0.26-a0-651-gb41185065b (webtiles) character file.

Game seed: 14904192433953833289

(classic levelgen) 13989 EnegeticOcto the Severer (level 11, 46/99 HPs)
             Began as a Deep Dwarf Fighter on Oct 22, 2020.
             Was the Champion of Okawaru.
             Quit the game on level 3 of the Lair of Beasts.
             The game lasted 00:15:34 (2494 turns).

EnegeticOcto the Severer (Deep Dwarf Fighter)       Turns: 2494, Time: 00:15:34

Health: 46/99      AC: 20    Str: 24    XL:     11   Next: 82%
Magic:  0/0        EV:  6    Int:  8    God:    Okawaru [******]
Gold:   366        SH: 11    Dex:  7    Spells: 14/14 levels left

rFire    . . .     SeeInvis +   z - +4 hand axe (elec)
rCold    . . .     Faith    .   c - +0 kite shield
rNeg     . . .     Spirit   .   w - +0 plate armour of Vamoxte {rElec Dex-5 SInv}
rPois    .         Reflect  .   q - +1 helmet
rElec    +         Harm     +   (no cloak)
rCorr    .         Rampage  .   (no gloves)
MR       +....                  B - +1 pair of boots of Ulyduass {Harm}
Stlth    ..........             (no amulet)
HPRegen  0.00/turn              C - +4 ring of protection
MPRegen  0.07/turn              F - ring of attention (curse)

@: non-regenerating
A: damage resistance, heal wounds, sense surroundings 2, no regeneration
a: Heal Wounds, Heroism, Finesse, Renounce Religion


You were on level 3 of the Lair of Beasts.
You worshipped Okawaru.
Okawaru was exalted by your worship.
You visited 2 branches of the dungeon, and saw 13 of its levels.
You also visited: Ice Cave.

You collected 402 gold pieces.
You spent 36 gold pieces at shops.

Inventory:

Hand Weapons
 a - a +0 war axe
 z - a +4 hand axe of electrocution (weapon)
 A - a cursed +7 battleaxe
Missiles
 k - 5 throwing nets (quivered)
Armour
 b - a +0 scale mail
 c - a +0 kite shield (worn)
 j - a +0 ring mail of fire resistance
 l - a +2 chain mail of magic resistance
 q - a +1 helmet (worn)
 w - the +0 plate armour of Vamoxte (worn) {rElec Dex-5 SInv}
   (Okawaru gifted it to you on level 10 of the Dungeon)

   It affects your dexterity (-5).
   It insulates you from electricity.
   It lets you see invisible.
 B - the +1 pair of boots of Ulyduass (worn) {Harm}
   (Okawaru gifted it to you on level 9 of the Dungeon)

   It increases damage dealt and taken.
 E - a +2 hat
Jewellery
 e - an uncursed ring of flight
 g - an uncursed amulet of regeneration
 s - an uncursed amulet of inaccuracy
 C - a +4 ring of protection (left hand)
 F - a cursed ring of attention (right hand)
Wands
 t - a wand of paralysis (10)
 u - a wand of random effects (14)
Scrolls
 h - a scroll of identify {@r1}
 p - a scroll of magic mapping {@r5}
 r - a scroll of teleportation {@r3}
 y - a scroll of enchant armour
Potions
 d - a potion of might {@q3}
 f - 2 potions of degeneration
 i - 2 potions of invisibility
 m - a potion of mutation
 n - 2 potions of cancellation
 o - 2 potions of resistance {@q5}
 v - 2 potions of heal wounds {@q2}
 x - a potion of curing {unknown}
 D - 2 potions of ambrosia {unknown}


   Skills:
 + Level 6.7 Fighting
 * Level 15.8 Axes
 + Level 4.5 Armour
 + Level 2.8 Dodging
 + Level 8.2 Shields
 + Level 2.2 Spellcasting
 - Level 6.0 Invocations


You had 14 spell levels left.
You didn't know any spells.
Your spell library was empty.

Dungeon Overview and Level Annotations

Branches:
Dungeon (11/15)            Temple (0/1) D:6            Lair (3/6) D:10
  IceCv (visited)
  Swamp: Lair:2-4    Shoals: Lair:2-4     Snake: Lair:2-4    Spider: Lair:2-4
    Orc: D:9-12

Altars:
Okawaru

Shops:
D:5 *   D:9 }


Innate Abilities, Weirdness & Mutations

You are resistant to damage.
You can heal yourself by infusing magical energy.
You passively map the area around you.
You do not regenerate.


Message History

Your shield and plate armour of Vamoxte prevent you from hitting the blink frog.
The blink frog hits you but does no damage.
You hit the cane toad but do no damage.
The cane toad is moderately wounded.
You slash the blink frog! You block the cane toad's attack.
You block the blink frog's attack.
You slash the cane toad!
The cane toad is severely wounded.
You hit the blink frog. The blink frog barely misses you.
You block the cane toad's attack.
You hit the cane toad but do no damage.
The cane toad is severely wounded.
You hit the blink frog.
Lightning courses through the blink frog!!
You kill the blink frog!
Okawaru accepts your kill. You block the cane toad's attack.
You hit the cane toad but do no damage.
The cane toad is severely wounded.
You slash the cane toad!
Lightning courses through the cane toad!
You kill the cane toad!
Okawaru accepts your kill.
A blink frog comes into view.
The blink frog gives a loud, deep croak!
A blink frog comes into view. x2
The blink frog gives a loud, deep croak! x2
You slash the blink frog!
The blink frog is heavily wounded.
The blink frog hits you but does no damage.
A blink frog comes into view. x2
The blink frog blinks!
You closely miss the blink frog.
The blink frog is heavily wounded.
The blink frog croaks.
The blink frog gives a loud, deep croak!
The blink frog hits you but does no damage.
Your shield and plate armour of Vamoxte prevent you from hitting the blink frog.
The blink frog is heavily wounded.
You block the blink frog's attack.
You miss the blink frog.
The blink frog is heavily wounded.
The blink frog hits you but does no damage.
You closely miss the blink frog.
The blink frog is heavily wounded.
You closely miss the blink frog.
The blink frog hits you but does no damage.
You closely miss the blink frog.
The blink frog is heavily wounded.
You miss the blink frog. The blink frog hits you!
The blink frog blinks!
You hit the blink frog.
Lightning courses through the blink frog!
You kill the blink frog!
Okawaru accepts your kill.
You barely miss the blink frog. You block the blink frog's attack.
The blink frog blinks!
You hit the blink frog.
The blink frog is lightly wounded.
You barely miss the blink frog.
The blink frog blinks!
You hit the blink frog.
The blink frog is moderately wounded.
You hit the blink frog.
The blink frog blinks!
You block the blink frog's attack.
The blink frog blinks!
You see here a blink frog corpse.
The blink frog hits you but does no damage.
The blink frog blinks!
You closely miss the blink frog.
The blink frog is lightly wounded.
You hit the blink frog. You barely miss the blink frog.
You block the blink frog's attack.
The blink frog blinks!
You slash the blink frog!
The blink frog is severely wounded.
You closely miss the blink frog. You block the blink frog's attack.
The blink frog blinks!
The blink frog hits you but does no damage.
The blink frog hits you. You block the blink frog's attack.
The blink frog blinks!
Found a potion of might.
The blink frog blinks!
You block the blink frog's attack. The blink frog barely misses you.
The blink frog blinks!
The blink frog blinks!
The blink frog hits you.
Found a scroll labeled GUOD GONIKA.
You block the blink frog's attack.
The blink frog blinks!
The blink frog blinks!
You block the blink frog's attack. The blink frog hits you.
The blink frog blinks!
The blink frog blinks! x2
The blink frog blinks!
You see here a scroll labeled GUOD GONIKA.
As you read the scroll labeled GUOD GONIKA, it crumbles to dust.
It is a scroll of enchant weapon.
Your +3 hand axe of electrocution glows red for a moment.
The blink frog hits you but does no damage.
The blink frog blinks!
The blink frog blinks!
The blink frog hits you but does no damage.
The blink frog blinks!
Are you sure you want to abandon this character and quit the game? (Confirm with "yes".)

#....... # #.......
### .# #.......
*..##.# #.#.##..
###..... , #P..
#...... .#... ##...
#....#.......##....
###.............P....
#P..@#..... .........
##...................
##....................
#.....................
* *
#.....F...............
*##
#...###...........#...
,#... #..##
......##.......
**....#* #..## ......#
#....... * .....#
#...##...... ##......#


You could see a blink frog.

Vanquished Creatures
  Gastronok (Lair:1)
  Erolcha (D:10)
  Harold (D:7)
  A two-headed ogre (D:10)
  3 cane toads
  A gargoyle (D:9)
  Maggie (D:6)
  2 trolls
  A hornet (D:9)
  7 blink frogs (Lair:3)
  2 hippogriffs
  3 yaks (Lair:1)
  A basilisk (Lair:3)
  2 wyverns
  A water moccasin (Lair:1)
  2 porcupines (Lair:1)
  3 orc warriors
  3 sky beasts
  2 ice beasts
  A black bear (D:9)
  6 ogres
  7 necrophages (D:10)
  6 wolves
  A centaur (D:9)
  3 crocodiles
  10 bullfrogs
  A gnoll sergeant (D:6)
  A water moccasin zombie (D:10)
  A scorpion (D:6)
  A wyvern skeleton (D:10)
  4 killer bees
  13 wights
  2 centaur zombies
  2 howler monkeys (D:8)
  4 bullfrog zombies (D:10)
  4 hounds
  A quasit (D:10)
  3 orc priests
  A gnoll shaman (D:5)
  2 bullfrog skeletons
  3 iguanas
  5 orc wizards
  2 worker ants
  A hound zombie (D:9)
  2 hound skeletons
  3 mummies (D:10)
  2 howler monkey zombies
  11 gnolls
  A howler monkey skeleton (D:6)
  4 adders
  3 shadow imps
  9 white imps
  7 ufetubi
  An adder zombie (D:5)
  A dart slug (D:4)
  A leopard gecko (D:7)
  19 orcs
  A giant cockroach (D:8)
  5 jackals
  A quokka (D:8)
  A quokka skeleton (D:9)
  2 quokka zombies
  A rat (D:1)
  A butterfly (Lair:3)
199 creatures vanquished.

Vanquished Creatures (others)
  2 white imps (IceCv)
  An ufetubus (IceCv)
  2 fungi (Lair:2)
  11 plants
16 creatures vanquished.

Grand Total: 215 creatures vanquished

Notes
Turn   | Place    | Note
-------+----------+-------------------------------------------
     0 | D:1      | EnegeticOcto the Deep Dwarf Fighter began the quest for the
                  | Orb.
     0 | D:1      | Reached XP level 1. HP: 20/20 MP: 1/1
    49 | D:2      | You fall into a shaft and drop 2 floors!
    59 | D:4      | Reached skill level 3 in Axes
    59 | D:4      | Reached XP level 2. HP: 18/27 MP: 2/2
    72 | D:5      | Entered Level 5 of the Dungeon
   104 | D:5      | Found an iron altar of Okawaru.
   107 | D:5      | Became a worshipper of Warmaster Okawaru
   142 | D:5      | Noticed an ice beast
   151 | D:5      | Killed an ice beast
   151 | D:5      | Reached skill level 5 in Axes
   151 | D:5      | Reached XP level 3. HP: 19/33 MP: 2/4
   151 | D:5      | Reached XP level 4. HP: 23/40 MP: 2/5
   179 | D:5      | Found Xuxeby's Assorted Antiques.
   187 | D:5      | Bought a scroll labeled QAFEVE LASTAWN for 18 gold pieces
   187 | D:5      | Bought a scroll labeled NISTRY WUGU for 18 gold pieces
   231 | D:5      | Reached XP level 5. HP: 46/46 MP: 5/7
   231 | D:5      | Reached * piety under Okawaru
   284 | D:6      | Reached skill level 6 in Axes
   298 | D:6      | Reached XP level 6. HP: 40/55 MP: 8/8
   305 | D:6      | Found a staircase to the Ecumenical Temple.
   327 | D:6      | Reached ** piety under Okawaru
   339 | D:6      | Reached skill level 7 in Axes
   359 | D:6      | Reached skill level 5 in Invocations
   359 | D:6      | Reached XP level 7. HP: 44/61 MP: 6/9
   406 | D:6      | Noticed Maggie
   430 | D:6      | Killed Maggie
   430 | D:6      | Reached skill level 8 in Axes
   571 | D:6      | Reached skill level 9 in Axes
   571 | D:6      | Reached XP level 8. HP: 54/68 MP: 9/9
   604 | D:7      | Noticed Harold
   632 | D:7      | Reached *** piety under Okawaru
   632 | D:7      | Reached skill level 10 in Axes
   644 | D:7      | Killed Harold
   644 | D:7      | Reached **** piety under Okawaru
   644 | D:7      | Reached skill level 11 in Axes
   689 | D:7      | Gained mutation: You passively map the area around you.
                  | [Deep Dwarf growth]
   689 | D:7      | Reached XP level 9. HP: 44/74 MP: 10/10
   808 | D:8      | Reached skill level 12 in Axes
  1012 | D:8      | Reached skill level 13 in Axes
  1065 | D:9      | Noticed a troll
  1082 | D:9      | Killed a troll
  1082 | D:9      | Reached ***** piety under Okawaru
  1139 | D:9      | Noticed a gargoyle
  1158 | D:9      | Killed a gargoyle
  1158 | D:9      | Reached XP level 10. HP: 59/85 MP: 5/7
  1165 | D:9      | Reached skill level 5 in Shields
  1339 | D:9      | Found Qyxoxtal's Gadget Shoppe.
  1401 | D:10     | Entered Level 10 of the Dungeon
  1490 | D:10     | Received a gift from Okawaru
  1490 | D:10     | Reached skill level 14 in Axes
  1495 | D:10     | Got a spiked plate armour {god gift}
  1506 | D:10     | Identified the +0 plate armour of Vamoxte {rElec Dex-5
                  | SInv} (Okawaru gifted it to you on level 10 of the Dungeon)
  1530 | D:11     | Found a frozen archway.
  1566 | IceCv    | Entered an ice cave
  1600 | IceCv    | Noticed an ice statue
  1600 | IceCv    | Noticed an ice statue
  1633 | D:10     | Noticed a two-headed ogre
  1647 | D:10     | Killed a two-headed ogre
  1662 | D:10     | Reached skill level 5 in Fighting
  1794 | D:10     | Noticed Erolcha
  1820 | D:10     | Killed Erolcha
  1833 | D:10     | Reached XP level 11. HP: 67/97 MP: 7/7
  1860 | D:9      | Paralysed by a hornet for 3 turns
  1865 | D:9      | Reached skill level 15 in Axes
  1868 | D:9      | Paralysed by a hornet for 1 turns
  1964 | D:9      | Received a gift from Okawaru
  1968 | D:9      | Got a pair of faintly glowing boots {god gift}
  1973 | D:9      | Identified the +1 pair of boots of Ulyduass {Harm} (Okawaru
                  | gifted it to you on level 9 of the Dungeon)
  2089 | D:10     | Found a staircase to the Lair.
  2093 | Lair:1   | Entered Level 1 of the Lair of Beasts
  2208 | Lair:1   | Noticed Gastronok
  2227 | Lair:1   | Killed Gastronok
  2227 | Lair:1   | Reached skill level 1 in Dodging
  2227 | Lair:1   | Reached skill level 1 in Spellcasting
  2467 | Lair:3   | Reached ****** piety under Okawaru
  2494 | Lair:3   | Quit the game

Illustrated notes

Levels and vault maps discovered:
D:1:      onia_arrival_mini_spirals, layout_rooms, st_stairs_14
D:2:      layout_rooms
D:4:      layout_cave_pools, nicolae_ossuary_entry_monument, serial_shops,
          kennysheep_mini_moat, minmay_cut_off
D:5:      layout_layer_cave, kennysheep_mini, serial_shops,
          nicolae_shop_overgrown_old_shop, hex_medium,
          chequers_serial_rivers_micro_c, minmay_fractal_squares_5
D:6:      layout_cave_pods, vehumet_crystals, temple_fountains,
          roderic_serpentine_path, uniq_maggie, uniq_crazy_yiuf_cottage,
          uniq_sigmund
D:7:      layout_basic, kennysheep_windowed_goal, uniq_harold,
          uniq_prince_ribbit1
D:8:      layout_cave_pools
D:9:      minmay_slanted_spiral_squares, layout_basic, serial_shops, shop,
          kennysheep_generic_room_13
D:10:     layout_roguey, lair_entry_dummy, erik_orc_3, serial_undead,
          serial_undead_a, serial_undead_b, serial_undead_f, serial_undead_a,
          serial_undead_b, serial_undead_b, serial_undead_f, serial_undead_f,
          chequers_serial_rivers_micro_b, uniq_erolcha
D:11:     statuecave_lemuel, layout_loops_ring, portal_ice_cave_entry_pillars_2,
          serial_shops, shop, minmay_three_doors, uniq_nergalle
Lair:1:   layout_regular_city, gammafunk_ghost_hydra_chop, disabler_island,
          uniq_gastronok, uniq_fannar
Lair:2:   lemuel_reptile_caves, layout_gridlike, palyth_hydra_swamp_entry,
          guppyfry_snake_entry_garden
Lair:3:   layout_gridlike, lemuel_fruit_fields, grunt_megastairs_1,
          serial_bayou_shore_b, minmay_lair_oklob_chamber

Skill      XL: |  1  2  3  4  5  6  7  8  9 10 11 |
---------------+----------------------------------+-----
Axes           | 3 5 6 7 9 11 13 14 15 | 15.8
Invocations    | 2 3 5 6 |  6.0
Fighting       | 4 5 6 |  6.7
Shields        | 4 6 8 |  8.2
Dodging        | 2 |  2.8
Spellcasting   | 2 |  2.2
Armour         | 4 |  4.5

Action                   |  1- 3 |  4- 6 |  7- 9 | 10-12 || total
-------------------------+-------+-------+-------+-------++-------
Melee: War axe           |    26 |    53 |   243 |   230 ||   552
       Hand axe          |       |       |       |   163 ||   163
Invok: Heroism           |       |     1 |     3 |     6 ||    10
 Abil: Heal Wounds       |     1 |     9 |    17 |    26 ||    53
Evoke: Wand              |       |       |     2 |     1 ||     3
  Use: Scroll            |       |     3 |     2 |    10 ||    15
       Potion            |       |       |       |     2 ||     2
Armor: Scale mail        |    16 |    28 |    16 |       ||    60
       Chain mail        |       |       |    99 |    46 ||   145
       Plate armour      |       |       |       |   173 ||   173
Dodge: Dodged            |     8 |    38 |    82 |   104 ||   232
Block: Kite shield       |    22 |    48 |   158 |   216 ||   444

Table legend: (Time is in decaauts)
 A = Elapsed time spent in this place.
 B = Non-inter-level travel time spent in this place.
 C = Inter-level travel time spent in this place.
 D = Time resting spent in this place.
 E = Time spent auto-exploring this place.
 F = Levels seen in this place.
 G = Mean time per level.
                   A        B        C        D        E       F      G
               +--------+--------+--------+--------+--------+-----+--------+
         Total |   2417 |   2354 |     63 |      0 |      0 |  14 |  172.6 |
       Dungeon |   2013 |   1950 |     63 |      0 |      0 |  10 |  201.3 |
          Lair |    357 |    357 |      0 |      0 |      0 |   3 |  119.0 |
      Ice Cave |     46 |     46 |      0 |      0 |      0 |   1 |   46.0 |
               +--------+--------+--------+--------+--------+-----+--------+

Top non-repeatable levels by time:
     D:9: 487 daAuts
     D:6: 358 daAuts
    D:10: 351 daAuts
     D:8: 297 daAuts
     D:5: 202 daAuts
     D:7: 181 daAuts
  Lair:3: 177 daAuts
  Lair:1: 144 daAuts
     D:1: 51 daAuts
   IceCv: 46 daAuts
    D:11: 46 daAuts
     D:4: 35 daAuts
  Lair:2: 35 daAuts
     D:2: 0 daAuts
